Description

2 Gate Robo Colossus Fast Third Macro PvT

Replay - Harstem's 2 Gate Robo PvT

Build Order

Get SALT Encoding   

  12  0:01  Probe  
  13  0:13  Probe  
  14  0:17  Pylon  
  14  0:25  Probe  
  15  0:35  Gateway  
  15  0:37  Probe (Chrono Boost)  
  16  0:46  Probe (Chrono Boost)  
  16  0:47  Assimilator  
  17  0:52  Probe (Chrono Boost)  
  18  1:04  Probe  
  19  1:16  Probe  
  20  1:23  Nexus  
  20  1:33  Cybernetics Core  
  20  1:36  Probe  
  21  1:41  Assimilator  
  21  1:48  Probe  
  21  1:51  Pylon  
  23  2:06  Adept (Chrono Boost)  
  23  2:10  Warp Gate  
  26  2:20  Robotics Facility  
  26  2:29  Stalker (Chrono Boost)  
  33  2:52  Stalker  
  36  3:03  Gateway  
  38  3:07  Observer (Chrono Boost)  
  39  3:19  Pylon  
  41  3:22  Observer (Chrono Boost)  
  44  3:40  Observer, Nexus  
  47  3:50  Pylon x2  
  49  4:01  Stalker x2  
  54  4:06  Assimilator x2  
  56  4:20  Robotics Bay  
  61  4:46  Forge  
  61  4:48  Twilight Council  
  61  4:50  Zealot  
  66  5:01  Gateway  
  66  5:04  Colossus (Chrono Boost)  
  69  5:09  Sentry  
  80  5:20  Protoss Ground Armor Level 1  
  81  5:27  Charge  
  83  5:32  Gateway x2  
  83  5:34  Extended Thermal Lance (Chrono Boost)  
  85  5:38  Gateway  
  86  5:48  Colossus (Chrono Boost)  
  86  5:52  Zealot x2  
  98  6:00  Shield Battery  
  98  6:01  Photon Cannon  
  97  6:05  Assimilator x2  
  100  6:20  Gateway x2  
  100  6:25  Templar Archives, Colossus (Chrono Boost)  
  107  6:36  Zealot  
  109  6:55  Zealot x5  
  119  7:04  Zealot  
  119  7:07  Warp Prism (Chrono Boost)  
  123  7:11  Robotics Facility, Gravitic Drive (Chrono Boost)  
  123  7:15  High Templar x4  
  131  7:23  Nexus  
  131  7:24  Archon x2  
  131  7:30  Protoss Ground Armor Level 2 (Chrono Boost)  
  134  7:41  Forge  
  134  7:48  Disruptor (Chrono Boost)  
  140  8:01  Stalker x3  
  140  8:02  Disruptor (Chrono Boost)  
  158  8:12  Protoss Ground Weapons Level 1 (Chrono Boost)  
  158  8:14  Blink  
  159  8:24  Assimilator  
  167  8:29  Disruptor (Chrono Boost)  
  171  8:39  Disruptor (Chrono Boost)  
  192  9:12  Gateway x2  
  192  9:15  High Templar x4  
  200  9:20  Archon x2  
  200  9:29  Assimilator  
  200  9:33  Photon Cannon x3  
  200  9:40  Shield Battery x2  
  200  9:47  Photon Cannon  
Spawning Tool Build Advisor. Get it on Overwolf

Analysis

2 Gate Robo Colossus Fast Third Macro PvT

Go to:

Details

  • Created by: Sehyo
  • Published on: Feb 12, 2020
  • Modified on: Feb 12, 2020
  • Patch: 4.11.0
Show
View Real Time Build Order
Export as new Build Order

Comments (0)

There are no comments. Be the first!

Create an account to comment!